TOP OF THE 1ST |
Evans HS Knights batting - Pitching for Jeffersonville-Youngsville Central HS Trojans : RHP Nick Cooper
|
Pitching: RHP Nick Cooper
|
|
Batting: LHB Gerald Murphy
|
0-0: Called Strike 0-1: Ball 1-1: Ball 2-1: Called Strike 2-2: Ball 3-2: SINGLE (Flyball, 7M)
|
Batting: RHB Harvey Mawhinney
|
0-0: Foul Ball, location: 2F 0-1: Ball 1-1: Ball 2-1: Foul Ball, location: 2F 2-2: Ball 3-2: Foul Ball, location: 2F 3-2: Foul Ball, location: 2F 3-2: Foul Ball, location: 2F 3-2: SINGLE (Line Drive, 4MD) Gerald Murphy to second Gerald Murphy to third
|
Batting: SHB Bryan Atkins
|
0-0: Foul Ball, location: 2F 0-1: Ball 1-1: Called Strike 1-2: Foul Ball, location: 2F 1-2: Strikes out swinging
|
Batting: LHB Quinn Webb
|
0-0: Ground out 6-3 (Groundball, 4M) Gerald Murphy scores Harvey Mawhinney to second
|
Batting: LHB Julián Icaza
|
0-0: 2-RUN HOME RUN (Flyball, 89XD), Distance : 418 ft
|
Batting: RHB Tim Lee
|
0-0: Ball 1-0: Called Strike 1-1: Called Strike 1-2: Strikes out looking
|
Top of the 1st over - 3 run(s), 3 hit(s), 0 error(s), 0 left on base; Evans HS 3 - Jeffersonville-Youngsville Central HS 0 |
BOTTOM OF THE 1ST |
Jeffersonville-Youngsville Central HS Trojans batting - Pitching for Evans HS Knights : RHP Roberto Castillo
|
Pitching: RHP Roberto Castillo
|
|
Batting: RHB Albert Smedley
|
0-0: Fly out, F7 (Flyball, 7M)
|
Batting: SHB Marvin MacGeoch
|
0-0: Ball 1-0: SINGLE (Groundball, 4)
|
Batting: LHB Abel Wheeler
|
0-0: Ball 1-0: Called Strike 1-1: Foul Ball, location: 2F 1-2: Reached on error, E5 (Groundball, 56) Marvin MacGeoch to second
|
Batting: LHB Allen Boyd
|
0-0: Ball 1-0: Ball 2-0: Called Strike 2-1: Ball 3-1: Foul Ball, location: 2F 3-2: Strikes out swinging
|
Batting: RHB Tim Richard
|
0-0: Fly out, F6 (Popup, 6)
|
Bottom of the 1st over - 0 run(s), 1 hit(s), 1 error(s), 2 left on base; Evans HS 3 - Jeffersonville-Youngsville Central HS 0 |
TOP OF THE 2ND |
Evans HS Knights batting - Pitching for Jeffersonville-Youngsville Central HS Trojans : RHP Nick Cooper
|
Batting: LHB Michael Wilson
|
0-0: Ball 1-0: Ball 2-0: Swinging Strike 2-1: Ball 3-1: Called Strike 3-2: Base on Balls
|
Batting: LHB Nick Weber
|
0-0: Ball 1-0: Fly out, F5 (Popup, 5SF)
|
Batting: LHB Billy Raymond
|
0-0: Ball 1-0: Ball 2-0: Ball 3-0: Base on Balls Michael Wilson to second
|
Batting: LHB Gerald Murphy
|
0-0: Ball 1-0: Called Strike 1-1: Called Strike 1-2: Ball 2-2: Ball 3-2: Base on Balls Michael Wilson to third Billy Raymond to second
|
Batting: RHB Harvey Mawhinney
|
0-0: Foul Ball, location: 2F 0-1: Foul Ball, location: 2F 0-2: Foul Ball, location: 2F 0-2: Fly out, F7 (Flyball, 7M) Runner from 3rd tags up, SCORES, throw made
|
Batting: SHB Bryan Atkins
|
0-0: Fly out, F6 (Popup, 5)
|
Top of the 2nd over - 1 run(s), 0 hit(s), 0 error(s), 2 left on base; Evans HS 4 - Jeffersonville-Youngsville Central HS 0 |
BOTTOM OF THE 2ND |
Jeffersonville-Youngsville Central HS Trojans batting - Pitching for Evans HS Knights : RHP Roberto Castillo
|
Batting: RHB Carlos Rosa
|
0-0: Ball 1-0: Ball 2-0: Called Strike 2-1: SOLO HOME RUN (Flyball, 7D), Distance : 388 ft
|
Batting: RHB Albert Hunt
|
0-0: Ball 1-0: Foul Ball, location: 2F 1-1: Swinging Strike 1-2: Strikes out swinging
|
Batting: RHB Mike Weeks
|
0-0: Ball 1-0: Ball 2-0: Ball 3-0: Base on Balls
|
Batting: LHB Roberto Martínez
|
0-0: Ball Mike Weeks steals 2nd base 1-0: SINGLE (Flyball, 7S) Mike Weeks to third
|
Batting: RHB Albert Smedley
|
0-0: Foul Ball, location: 2F 0-1: Ball Balk! Mike Weeks scores Roberto Martínez to second 1-1: Called Strike 1-2: Reached on error, E5 (Groundball, 56S) Roberto Martínez to third
|
Batting: SHB Marvin MacGeoch
|
0-0: SINGLE (Groundball, 34D) Roberto Martínez scores Albert Smedley to second Runner from 2nd tries for 3rd, SAFE, no throw or cutoff
|
Batting: LHB Abel Wheeler
|
0-0: Fielders Choice at 2nd, 4-6 (Groundball, 4) Albert Smedley scores
|
Batting: LHB Allen Boyd
|
0-0: Called Strike 0-1: Ball 1-1: Ball 2-1: Ball 3-1: Base on Balls Abel Wheeler to second
|
Batting: RHB Tim Richard
|
0-0: SINGLE (Groundball, 34D) Abel Wheeler to third Allen Boyd to second Runner from 3rd tries for Home, SAFE, no throw or cutoff
|
Batting: RHB Carlos Rosa
|
0-0: Ball 1-0: Swinging Strike 1-1: Foul Ball, location: 2F 1-2: Ball 2-2: Ball 3-2: Ground out 6-3 (Groundball, 6)
|
Bottom of the 2nd over - 5 run(s), 4 hit(s), 1 error(s), 2 left on base; Evans HS 4 - Jeffersonville-Youngsville Central HS 5 |
TOP OF THE 3RD |
Evans HS Knights batting - Pitching for Jeffersonville-Youngsville Central HS Trojans : RHP Nick Cooper
|
Now at 1B: Mike McGee
|
|
Batting: LHB Quinn Webb
|
0-0: SINGLE (Groundball, 4MD)
|
Batting: LHB Julián Icaza
|
0-0: Ground out U3 (Groundball, 3S) Quinn Webb to second
|
Batting: RHB Tim Lee
|
0-0: Swinging Strike 0-1: Foul Ball, location: 2F 0-2: Ball 1-2: Ball 2-2: SINGLE (Groundball, 34D) Quinn Webb to third Runner from 3rd tries for Home, SAFE, no throw or cutoff
|
Batting: LHB Michael Wilson
|
0-0: Called Strike 0-1: Swinging Strike 0-2: Ball 1-2: Strikes out swinging
|
Batting: LHB Nick Weber
|
0-0: Hit by Pitch Tim Lee to second
|
Batting: LHB Billy Raymond
|
0-0: Foul Ball, location: 2F 0-1: Foul Ball, location: 2F 0-2: Ball 1-2: Strikes out swinging
|
Top of the 3rd over - 1 run(s), 2 hit(s), 0 error(s), 2 left on base; Evans HS 5 - Jeffersonville-Youngsville Central HS 5 |
BOTTOM OF THE 3RD |
Jeffersonville-Youngsville Central HS Trojans batting - Pitching for Evans HS Knights : RHP Roberto Castillo
|
Batting: RHB Albert Hunt
|
0-0: Ball 1-0: Ball 2-0: Ball 3-0: Called Strike 3-1: Foul Ball, location: 2F 3-2: Base on Balls
|
Batting: RHB Mike Weeks
|
0-0: Ball 1-0: Ball 2-0: Called Strike 2-1: Foul Ball, location: 2F 2-2: Foul Ball, location: 2F 2-2: Reached on error, E5 (Groundball, 5) Albert Hunt to second
|
Batting: LHB Roberto Martínez
|
0-0: Ball 1-0: Called Strike 1-1: Ball 2-1: Ball 3-1: Called Strike 3-2: Base on Balls Albert Hunt to third Mike Weeks to second
|
Batting: RHB Albert Smedley
|
0-0: Ball 1-0: Foul Ball, location: 2F 1-1: Fly out, F2 (Popup, 2R)
|
Batting: RHB Mike McGee
|
0-0: Foul Ball, location: 2F 0-1: Foul Ball, location: 2F 0-2: Strikes out swinging
|
Batting: LHB Abel Wheeler
|
0-0: Ball 1-0: GRAND SLAM HOME RUN (Flyball, 89XD), Distance : 420 ft
|
Batting: LHB Allen Boyd
|
0-0: Foul Ball, location: 2F 0-1: Ball 1-1: Foul Ball, location: 2F 1-2: Ball 2-2: Ground out 4-3 (Groundball, 4)
|
Bottom of the 3rd over - 4 run(s), 1 hit(s), 1 error(s), 0 left on base; Evans HS 5 - Jeffersonville-Youngsville Central HS 9 |
TOP OF THE 4TH |
Evans HS Knights batting - Pitching for Jeffersonville-Youngsville Central HS Trojans : RHP Nick Cooper
|
Batting: LHB Gerald Murphy
|
0-0: Ball 1-0: Ball 2-0: Foul Ball, location: 2F 2-1: Ball 3-1: Swinging Strike 3-2: Foul Ball, location: 2F 3-2: Foul Ball, location: 2F 3-2: Reached on error, E6 (Groundball, 6M)
|
Batting: RHB Harvey Mawhinney
|
0-0: Fly out, F3 (Popup, 23)
|
Batting: SHB Bryan Atkins
|
0-0: Called Strike 0-1: Called Strike 0-2: Ball 1-2: Foul Ball, location: 2F 1-2: Strikes out swinging
|
Batting: LHB Quinn Webb
|
0-0: Ball 1-0: Called Strike 1-1: Called Strike 1-2: SINGLE (Groundball, 3D) Gerald Murphy to third Runner from 3rd tries for Home, SAFE, no throw or cutoff
|
Pitching: LHP Rich Marshall
|
|
Batting: LHB Julián Icaza
|
0-0: Ball 1-0: Ball 2-0: Foul Ball, location: 2F 2-1: Foul Ball, location: 2F 2-2: Strikes out swinging
|
Top of the 4th over - 1 run(s), 1 hit(s), 1 error(s), 1 left on base; Evans HS 6 - Jeffersonville-Youngsville Central HS 9 |
BOTTOM OF THE 4TH |
Jeffersonville-Youngsville Central HS Trojans batting - Pitching for Evans HS Knights : RHP Roberto Castillo
|
Pitching: RHP Rob Beck
|
|
Batting: RHB Tim Richard
|
0-0: Ground out 5-3 (Groundball, 56S)
|
Batting: RHB Carlos Rosa
|
0-0: Called Strike 0-1: SINGLE (Groundball, 15S) (infield hit)
|
Batting: RHB Albert Hunt
|
0-0: Ball 1-0: Ball 2-0: Called Strike 2-1: Foul Ball, location: 2F 2-2: Strikes out swinging
|
Batting: RHB Mike Weeks
|
0-0: Called Strike 0-1: Called Strike 0-2: Reached on error, E5 (Groundball, 5S) Carlos Rosa to third
|
Batting: LHB Roberto Martínez
|
0-0: Called Strike 0-1: Ball 1-1: Ball 2-1: Fly out, F5 (Popup, 5DF)
|
Bottom of the 4th over - 0 run(s), 1 hit(s), 1 error(s), 2 left on base; Evans HS 6 - Jeffersonville-Youngsville Central HS 9 |
TOP OF THE 5TH |
Evans HS Knights batting - Pitching for Jeffersonville-Youngsville Central HS Trojans : LHP Rich Marshall
|
Batting: RHB Tim Lee
|
0-0: SINGLE (Line Drive, 34D)
|
Batting: LHB Michael Wilson
|
0-0: Ball 1-0: Foul Ball, location: 2F 1-1: SINGLE (Flyball, 7LM) Tim Lee to second
|
Batting: LHB Nick Weber
|
0-0: Ball 1-0: Foul Ball, location: 2F 1-1: Called Strike 1-2: DOUBLE (Line Drive, 89M) Tim Lee scores Michael Wilson to third
|
Batting: LHB Billy Raymond
|
0-0: Ball 1-0: Swinging Strike 1-1: Swinging Strike 1-2: Ball 2-2: Foul Ball, location: 2F 2-2: DOUBLE (Line Drive, 7LS) Michael Wilson scores Nick Weber scores
|
Batting: LHB Gerald Murphy
|
0-0: Ball 1-0: Called Strike 1-1: Ball 2-1: Ball 3-1: Base on Balls
|
Batting: RHB Harvey Mawhinney
|
0-0: Ground out 5-3 (Groundball, 56S) Billy Raymond to third Gerald Murphy to second
|
Batting: SHB Bryan Atkins
|
0-0: Ball 1-0: Ball 2-0: Ball 3-0: Base on Balls
|
Batting: LHB Quinn Webb
|
0-0: Fielders Choice at 2nd, 3-6 (Groundball, 3) Billy Raymond scores Gerald Murphy to third
|
Pitching: RHP Dan McCullough
|
|
Batting: LHB Julián Icaza
|
0-0: Called Strike 0-1: Ball 1-1: Ball 2-1: Ball 3-1: Foul Ball, location: 2F 3-2: Foul Ball, location: 2F 3-2: SINGLE (Groundball, 34D) Gerald Murphy scores Quinn Webb to second Quinn Webb to third
|
Batting: RHB Tim Lee
|
0-0: Ball 1-0: Foul Ball, location: 2F 1-1: Hit by Pitch Julián Icaza to second
|
Batting: LHB Michael Wilson
|
0-0: Fly out, F9 (Flyball, 9M)
|
Top of the 5th over - 5 run(s), 5 hit(s), 0 error(s), 3 left on base; Evans HS 11 - Jeffersonville-Youngsville Central HS 9 |
BOTTOM OF THE 5TH |
Jeffersonville-Youngsville Central HS Trojans batting - Pitching for Evans HS Knights : RHP Rob Beck
|
Batting: RHB Albert Smedley
|
0-0: Hit by Pitch
|
Batting: RHB Mike McGee
|
0-0: Ball 1-0: Grounds into double play, 1-6-3 (Groundball, 15)
|
Batting: LHB Abel Wheeler
|
0-0: Ball 1-0: Called Strike 1-1: Ball 2-1: Ball 3-1: Base on Balls
|
Batting: LHB Allen Boyd
|
0-0: Ball Abel Wheeler is caught stealing 2nd base
|
Bottom of the 5th over - 0 run(s), 0 hit(s), 0 error(s), 0 left on base; Evans HS 11 - Jeffersonville-Youngsville Central HS 9 |
TOP OF THE 6TH |
Evans HS Knights batting - Pitching for Jeffersonville-Youngsville Central HS Trojans : RHP Dan McCullough
|
Batting: LHB Nick Weber
|
Reached via error on a dropped throw, E3
|
Batting: LHB Billy Raymond
|
0-0: Fly out, F6 (Popup, 56D)
|
Batting: LHB Gerald Murphy
|
0-0: Called Strike 0-1: Ball 1-1: SINGLE (Groundball, 3D) Nick Weber to second Runner from 2nd tries for 3rd, SAFE, throw made to third
|
Batting: RHB Harvey Mawhinney
|
0-0: Ball 1-0: Ball 2-0: Ball 3-0: Called Strike 3-1: Called Strike 3-2: Foul Ball, location: 2F 3-2: Strikes out swinging
|
Batting: SHB Bryan Atkins
|
0-0: Ball 1-0: Swinging Strike 1-1: Foul Ball, location: 2F 1-2: Foul Ball, location: 2F 1-2: Foul Ball, location: 2F 1-2: Strikes out swinging
|
Top of the 6th over - 0 run(s), 1 hit(s), 1 error(s), 2 left on base; Evans HS 11 - Jeffersonville-Youngsville Central HS 9 |
BOTTOM OF THE 6TH |
Jeffersonville-Youngsville Central HS Trojans batting - Pitching for Evans HS Knights : RHP Rob Beck
|
Batting: LHB Allen Boyd
|
0-0: Called Strike 0-1: Fly out, F8 (Line Drive, 78S)
|
Batting: RHB Tim Richard
|
0-0: Foul Ball, location: 2F 0-1: Ball 1-1: SINGLE (Groundball, 56D)
|
Batting: RHB Carlos Rosa
|
0-0: Called Strike 0-1: Ball 1-1: Ball 2-1: Ball 3-1: Foul Ball, location: 2F 3-2: Strikes out swinging
|
Batting: RHB Albert Hunt
|
0-0: Ball 1-0: Ball 2-0: Ground out 4-3 (Groundball, 4)
|
Bottom of the 6th over - 0 run(s), 1 hit(s), 0 error(s), 1 left on base; Evans HS 11 - Jeffersonville-Youngsville Central HS 9 |
TOP OF THE 7TH |
Evans HS Knights batting - Pitching for Jeffersonville-Youngsville Central HS Trojans : RHP Dan McCullough
|
Batting: LHB Quinn Webb
|
0-0: Swinging Strike 0-1: Swinging Strike 0-2: Ball 1-2: Ball 2-2: Strikes out looking
|
Batting: LHB Julián Icaza
|
0-0: Foul Ball, location: 2F 0-1: Foul Ball, location: 2F 0-2: Strikes out swinging
|
Batting: RHB Tim Lee
|
0-0: Called Strike 0-1: Foul Ball, location: 2F 0-2: Strikes out swinging
|
Top of the 7th over - 0 run(s), 0 hit(s), 0 error(s), 0 left on base; Evans HS 11 - Jeffersonville-Youngsville Central HS 9 |
BOTTOM OF THE 7TH |
Jeffersonville-Youngsville Central HS Trojans batting - Pitching for Evans HS Knights : RHP Rob Beck
|
Pitching: RHP Iván Díaz
|
|
Batting: RHB Mike Weeks
|
0-0: Called Strike 0-1: Ball 1-1: Ball 2-1: Foul Ball, location: 2F 2-2: Strikes out swinging
|
Batting: LHB Roberto Martínez
|
0-0: Called Strike 0-1: Foul Ball, location: 2F 0-2: Ball 1-2: Ball 2-2: Strikes out swinging
|
Batting: RHB Albert Smedley
|
0-0: Ball 1-0: Hit by Pitch
|
Batting: RHB Mike McGee
|
0-0: SINGLE (Line Drive, 4MD) Albert Smedley to second
|
Batting: LHB Abel Wheeler
|
0-0: Called Strike 0-1: Foul Ball, location: 2F 0-2: Ball 1-2: Strikes out swinging
|
Bottom of the 7th over - 0 run(s), 1 hit(s), 0 error(s), 2 left on base; Evans HS 11 - Jeffersonville-Youngsville Central HS 9 |
TOP OF THE 8TH |
Evans HS Knights batting - Pitching for Jeffersonville-Youngsville Central HS Trojans : RHP Dan McCullough
|
Pitching: RHP Max Shepard
|
|
Batting: LHB Michael Wilson
|
0-0: Foul Ball, location: 2F 0-1: Ball 1-1: Swinging Strike 1-2: Strikes out swinging
|
Batting: LHB Nick Weber
|
0-0: Swinging Strike 0-1: Foul Ball, location: 2F 0-2: Fly out, F4 (Popup, 4)
|
Batting: LHB Billy Raymond
|
0-0: Fly out, F7 (Flyball, 7LMF)
|
Top of the 8th over - 0 run(s), 0 hit(s), 0 error(s), 0 left on base; Evans HS 11 - Jeffersonville-Youngsville Central HS 9 |
BOTTOM OF THE 8TH |
Jeffersonville-Youngsville Central HS Trojans batting - Pitching for Evans HS Knights : RHP Iván Díaz
|
Batting: LHB Allen Boyd
|
0-0: Ball 1-0: Fly out, F9 (Line Drive, 9M)
|
Batting: RHB Tim Richard
|
0-0: Ball 1-0: Foul Ball, location: 2F 1-1: Foul Ball, location: 2F 1-2: Strikes out swinging
|
Batting: RHB Carlos Rosa
|
0-0: Ball 1-0: Foul Ball, location: 2F 1-1: Ball 2-1: Ball 3-1: Base on Balls
|
Pitching: RHP Scott Willerton
|
|
Batting: RHB Albert Hunt
|
0-0: Called Strike 0-1: Foul Ball, location: 2F 0-2: Ground out 5-3 (Groundball, 56)
|
Bottom of the 8th over - 0 run(s), 0 hit(s), 0 error(s), 1 left on base; Evans HS 11 - Jeffersonville-Youngsville Central HS 9 |
TOP OF THE 9TH |
Evans HS Knights batting - Pitching for Jeffersonville-Youngsville Central HS Trojans : RHP Max Shepard
|
Batting: LHB Gerald Murphy
|
0-0: Fly out, F8 (Flyball, 78M)
|
Batting: RHB Harvey Mawhinney
|
0-0: Called Strike 0-1: Ball 1-1: Ball 2-1: Ball 3-1: Called Strike 3-2: Strikes out swinging
|
Batting: SHB Bryan Atkins
|
0-0: Ball 1-0: Ball 2-0: Ball 3-0: Called Strike 3-1: Foul Ball, location: 2F 3-2: Foul Ball, location: 2F 3-2: Reached on error, E3 (Groundball, 34)
|
Batting: LHB Quinn Webb
|
0-0: Ball 1-0: Foul Ball, location: 2F 1-1: Swinging Strike 1-2: Strikes out swinging
|
Top of the 9th over - 0 run(s), 0 hit(s), 1 error(s), 1 left on base; Evans HS 11 - Jeffersonville-Youngsville Central HS 9 |
BOTTOM OF THE 9TH |
Jeffersonville-Youngsville Central HS Trojans batting - Pitching for Evans HS Knights : RHP Scott Willerton
|
Pitching: LHP Mel Hart
|
|
Batting: RHB Mike Weeks
|
0-0: Fly out, F8 (Flyball, 8LM)
|
Batting: LHB Roberto Martínez
|
0-0: Fly out, F7 (Flyball, 7M)
|
Batting: RHB Albert Smedley
|
0-0: Called Strike 0-1: Ball 1-1: Ground out 5-3 (Groundball, 5)
|
Bottom of the 9th over - 0 run(s), 0 hit(s), 0 error(s), 0 left on base; Evans HS 11 - Jeffersonville-Youngsville Central HS 9 |
|